Map: Frostline LE

Players

LiquidClem (Clem) - Winner!

  • Race: Terran Terran
  • League: Grandmaster
  • Spawn Location: 7:00

Lambo

  • Race: Zerg Zerg
  • League: Grandmaster
  • Spawn Location: 1:00

VOD

Have the link to the VOD?

Description

Time

  • Played on: March 13, 2025, 10:03 a.m.
  • Length: 19:38
Show
View Real Time Build Order
Export as new Build Order

LiquidClem Terran - Winner!

Build Orders: Reaper Expand, Hellion Banshee 

Get SALT Encoding   

  12  0:00  SCV  
  13  0:12  SCV  
  14  0:17  Supply Depot  
  14  0:24  SCV  
  15  0:38  SCV  
  15  0:40  Barracks  
  15  0:42  Refinery  
  16  0:50  SCV  
  17  1:02  SCV  
  18  1:14  SCV  
  19  1:26  Reaper, Orbital Command  
  20  1:37  Command Center  
  20  1:46  Supply Depot  
  20  1:52  SCV  
  21  1:58  Marine  
  22  2:04  SCV  
  23  2:09  Factory  
  23  2:16  SCV  
  23  2:20  Barracks Reactor  
  24  2:28  SCV  
  25  2:36  Command Center  
  25  2:40  SCV  
  26  2:49  Orbital Command  
  26  2:52  SCV  
  27  3:01  Hellion x2  
  27  3:05  SCV  
  32  3:09  Starport  
  32  3:13  Refinery  
  32  3:15  SCV  
  32  3:17  SCV  
  34  3:22  Hellion  
  34  3:25  Hellion  
  38  3:27  Barracks Tech Lab  
  38  3:29  SCV  
  38  3:30  SCV  
  40  3:41  SCV  
  40  3:43  SCV  
  42  3:48  Orbital Command  
  42  3:53  SCV, Cloaking Field  
  43  3:56  Supply Depot  
  43  3:57  SCV, Hellion  
  43  3:58  Banshee  
  51  4:03  Hellion  
  51  4:05  SCV  
  53  4:10  SCV  
  53  4:14  SCV  
  54  4:17  SCV  
  54  4:21  Supply Depot  
  54  4:22  SCV, Barracks Tech Lab  
  56  4:26  SCV  
  56  4:29  SCV, Barracks  
  56  4:30  Barracks  
  58  4:34  SCV, Factory Reactor  
  59  4:39  SCV, Refinery  
  59  4:40  Stimpack  
  59  4:41  Marine  
  59  4:42  SCV  
  59  4:44  Supply Depot  
  62  4:46  SCV, Refinery  
  62  4:49  Banshee  
  62  4:51  SCV  
  67  4:54  SCV  
  67  4:58  SCV  
  67  4:59  Marine  
  70  5:06  SCV, Engineering Bay  
  72  5:07  Supply Depot, Engineering Bay  
  72  5:10  SCV  
  72  5:11  Orbital Command  
  72  5:15  Barracks  
  72  5:16  Barracks  
  72  5:18  Marine x2  
  72  5:19  SCV  
  72  5:20  Marine  
  76  5:22  SCV  
  76  5:28  Marine  
  78  5:29  Supply Depot  
  78  5:31  SCV  
  78  5:32  Terran Infantry Weapons Level 1  
  78  5:34  SCV, Terran Infantry Armor Level 1  
  80  5:37  Marine x2  
  80  5:38  Marine x2  
  80  5:42  SCV  
  85  5:43  Supply Depot  
  85  5:44  Starport Reactor  
  85  5:46  Marine  
  85  5:47  Supply Depot  
  85  5:48  SCV  
  87  5:51  SCV  
  87  5:53  Supply Depot  
  87  5:54  SCV  
  87  5:55  Marine x2  
  91  5:59  Siege Tank  
  91  6:01  SCV  
  91  6:03  SCV  
  96  6:05  Barracks Reactor  
  96  6:06  SCV  
  96  6:09  Marine  
  96  6:10  Marine, Barracks Reactor  
  97  6:13  SCV  
  97  6:15  SCV  
  97  6:16  Marine x2  
  97  6:18  SCV  
  95  6:20  Refinery x2  
  95  6:21  Marine, Supply Depot x2  
  95  6:22  Medivac  
  95  6:25  SCV  
  97  6:27  SCV  
  97  6:28  Combat Shield  
  97  6:30  Factory  
  97  6:31  Marine x2, Siege Tank  
  101  6:34  Marine  
  101  6:36  SCV  
  101  6:37  Supply Depot  
  101  6:38  SCV  
  101  6:39  Marauder  
  107  6:40  SCV  
  107  6:41  Marine x2  
  107  6:45  Marine, Supply Depot  
  107  6:46  Medivac  
  112  6:48  Marine x2  
  112  6:49  SCV, Marine x2  
  117  6:54  Supply Depot  
  117  6:55  Marine  
  117  6:56  Medivac  
  117  6:59  Marine  
  121  7:01  Armory  
  121  7:02  Marine x2  
  121  7:08  Marine  
  124  7:09  Marine x2  
  124  7:10  Sensor Tower, Marine x2  
  124  7:13  Siege Tank  
  131  7:15  Factory Tech Lab  
  131  7:16  Marine  
  131  7:17  Marine  
  131  7:20  Marine x2  
  131  7:21  Supply Depot  
  135  7:25  Marine, Medivac  
  135  7:27  Marine  
  135  7:29  Command Center  
  139  7:32  Marine x3  
  139  7:34  Marine  
  143  7:37  Supply Depot  
  143  7:39  Marauder  
  143  7:41  Siege Tank  
  143  7:43  Marine x2  
  150  7:46  Medivac  
  150  7:47  Concussive Shells  
  150  7:50  Marine x2, Siege Tank  
  157  7:51  Marine x2  
  157  7:53  Marine x2  
  161  8:00  Marauder  
  161  8:01  Marine x2  
  161  8:02  Terran Infantry Weapons Level 2, Barracks  
  161  8:04  Terran Infantry Armor Level 2  
  165  8:10  Terran Vehicle Weapons Level 1, Barracks  
  165  8:15  Siege Tank  
  165  8:19  Marine, Medivac  
  169  8:21  Marine x4  
  165  8:28  Marine x2, Medivac, Siege Tank  
  165  8:29  Marine  
  161  8:35  Marine  
  161  8:37  Marine  
  161  8:38  Marine x2, Barracks  
  165  8:45  Marine x2  
  165  8:46  Marine  
  165  8:47  Marine, Siege Tank  
  172  8:49  Medivac  
  172  8:50  Supply Depot  
  172  8:54  Marine x2  
  172  8:55  Marine  
  177  8:56  Marine x2  
  177  9:02  Marine, Medivac, Siege Tank  
  171  9:03  Marine  
  171  9:04  Marine  
  171  9:08  Marine  
  171  9:09  Marine x2  
  157  9:12  Marine  
  157  9:18  Barracks Tech Lab  
  157  9:19  Barracks Tech Lab, Marine, Medivac, Siege Tank  
  157  9:21  Marine x2  
  157  9:22  Planetary Fortress  
  165  9:25  SCV  
  165  9:27  SCV  
  165  9:28  SCV  
  154  9:34  Marine x5, Medivac  
  154  9:37  SCV  
  161  9:39  Barracks Tech Lab, SCV  
  161  9:43  Marine x2  
  161  9:45  SCV, Marine x2  
  159  9:49  SCV, Siege Tank  
  159  9:50  Marine  
  159  9:51  Marine  
  167  9:55  Marine, Siege Tank  
  167  9:56  Marine x2  
  167  9:58  Marine x2  
  159  10:02  Marauder  
  159  10:04  Marauder, Marine  
  159  10:05  Medivac  
  159  10:07  Marine x2  
  151  10:09  Marauder  
  151  10:10  Marine  
  153  10:14  Marine  
  153  10:15  Marine  
  153  10:17  Marine  
  153  10:18  Marine  
  147  10:22  Liberator  
  147  10:24  Marauder  
  147  10:25  Marauder  
  147  10:28  Marauder  
  149  10:29  Marine x2  
  149  10:30  Marine  
  149  10:31  Marauder, Siege Tank  
  149  10:33  Siege Tank  
  160  10:36  Marine x3  
  160  10:38  Marine  
  160  10:40  Terran Infantry Weapons Level 3  
  164  10:45  Marine  
  164  10:46  Marine  
  164  10:47  Marauder  
  164  10:49  Marauder  
  168  10:52  Marauder  
  163  10:59  Marine  
  163  11:03  Marine  
  163  11:04  Marauder, Marine x3, Siege Tank  
  158  11:05  Marine x2, Siege Tank  
  158  11:08  Marauder  
  158  11:10  Command Center  
  158  11:11  Marauder, Marine  
  171  11:14  Marauder  
  171  11:17  Marine  
  170  11:18  Liberator  
  170  11:21  Marine x2  
  170  11:22  Marine  
  176  11:26  Marauder, Refinery  
  176  11:27  Refinery, Marine x2  
  176  11:29  Ghost Academy  
  176  11:30  Marauder  
  176  11:32  Terran Infantry Armor Level 3, Marauder  
  184  11:34  Marine x3  
  184  11:35  Marauder  
  184  11:39  Marine x2  
  191  11:41  SCV  
  191  11:42  SCV x2  
  191  11:45  SCV  
  197  11:47  Marauder  
  197  11:48  Sensor Tower, Terran Vehicle Weapons Level 2  
  197  11:49  Marine x2  
  197  11:53  Marine  
  200  12:00  Siege Tank  
  200  12:01  Marauder x3  
  199  12:12  Command Center  
  199  12:13  Missile Turret  
  199  12:14  Personal Cloaking  
  199  12:20  Ghost  
  199  12:21  Marine, Ghost  
  197  12:23  Ghost  
  197  12:28  Ghost  
  199  12:36  Missile Turret, Command Center  
  199  12:50  Barracks  
  199  12:53  Barracks  
  199  12:54  Barracks  
  199  12:58  Refinery x2  
  199  13:05  Sensor Tower, Missile Turret  
  199  13:07  Planetary Fortress  
  199  13:11  Command Center  
  199  13:13  Missile Turret  
  199  13:21  Command Center  
  199  13:33  Planetary Fortress  
  199  13:48  Marauder, Marine x3  
  192  13:49  Siege Tank  
  192  13:51  Liberator  
  192  13:52  Ghost  
  190  13:56  Ghost  
  190  14:00  Sensor Tower, Marine x2  
  190  14:01  Sensor Tower, Siege Tank  
  198  14:09  Terran Vehicle Weapons Level 3  
  198  14:10  Neosteel Armor  
  198  14:18  Orbital Command  
  198  14:31  Orbital Command  
  198  14:33  Hi-Sec Auto Tracking  
  198  14:36  Factory  
  198  14:53  Barracks Tech Lab x2, Barracks Reactor  
  198  14:56  Orbital Command  
  197  15:13  Siege Tank  
  197  15:16  Orbital Command  
  197  15:20  Ghost  
  186  15:21  Siege Tank  
  186  15:22  Marauder, Marine, Medivac  
  186  15:23  Marine x2  
  186  15:24  Marine x2  
  186  15:27  Viking  
  179  15:32  Marine  
  179  15:33  Marauder x2, Marine x3  
  179  15:34  Marine  
  187  15:44  Factory Tech Lab  
  187  15:45  Siege Tank  
  187  15:49  Marauder  
  194  15:52  Viking  
  194  15:53  Marine  
  194  15:54  Marine  
  194  15:56  Missile Turret  
  190  15:57  Viking, Siege Tank  
  190  15:59  Marine  
  192  16:10  Planetary Fortress  
  192  16:17  Missile Turret  
  192  16:18  Marine x3, Siege Tank  
  198  16:26  Sensor Tower  
  198  16:27  Missile Turret  
  198  16:49  Refinery x2  
  198  16:50  Viking  
  198  16:53  Orbital Command  
  200  16:58  Marine x2  
  200  17:00  Siege Tank  
  198  17:03  Ghost  
  198  17:05  Marine  
  198  17:06  Ghost  
  198  17:08  Ghost  
  196  17:09  Marine x2  
  196  17:12  Marine  
  199  17:27  Marine  
  200  17:33  Viking  
  200  17:34  Marauder x2, Ghost  
  200  17:35  Marine  
  196  17:39  Marine x3, Siege Tank  
  196  17:40  Marine  
  196  17:42  Medivac  
  198  17:47  Siege Tank  
  198  17:48  Ghost x2  
  198  17:49  Marine x4  
  198  17:50  Marine  
  189  17:56  Ghost, Siege Tank  
  189  17:57  Marine  
  189  17:58  Marauder, Marine x2  
  194  17:59  Marine  
  194  18:00  Marauder, Marine  
  194  18:03  Marauder  
  199  18:06  Marine  
  200  18:14  Command Center  
  200  18:34  Missile Turret x2  
  200  18:51  Nuke  
Show
View Real Time Build Order
Export as new Build Order

Lambo Zerg 

Build Orders: Hatch First 

Get SALT Encoding   

  12  0:00  Drone  
  13  0:08  Drone  
  14  0:15  Extractor  
  14  0:16  Drone  
  15  0:34  Hatchery  
  14  0:39  Extractor  
  14  0:40  Drone  
  15  0:46  Overlord  
  15  1:01  Spawning Pool  
  14  1:04  Drone  
  14  1:08  Drone  
  16  1:11  Drone  
  16  1:16  Drone  
  18  1:27  Drone  
  19  1:37  Drone  
  20  1:46  Drone  
  21  1:47  Drone  
  21  1:48  Queen  
  21  1:49  Queen  
  26  1:56  Drone  
  26  1:58  Overlord  
  27  2:10  Drone  
  28  2:15  Hatchery  
  28  2:18  Drone  
  28  2:19  Drone  
  28  2:21  Drone  
  30  2:29  Drone  
  31  2:32  Queen  
  31  2:36  Overlord  
  33  2:40  Drone  
  33  2:41  Drone  
  35  2:49  Extractor  
  35  2:51  Drone  
  35  2:52  Drone  
  35  2:55  Drone x3  
  35  2:56  Drone x2  
  35  2:58  Drone  
  42  3:03  Drone  
  42  3:04  Drone  
  44  3:07  Roach Warren  
  43  3:14  Queen, Extractor  
  43  3:18  Overlord  
  44  3:21  Overlord  
  44  3:28  Drone  
  44  3:29  Drone x4  
  44  3:31  Drone  
  50  3:34  Spore Crawler  
  50  3:39  Evolution Chamber  
  48  3:43  Evolution Chamber  
  48  3:45  Overlord  
  48  3:49  Roach x3  
  48  3:54  Evolution Chamber  
  48  3:55  Roach  
  56  4:00  Roach  
  56  4:01  Overlord  
  58  4:02  Overlord  
  58  4:08  Drone x5  
  64  4:13  Drone x3, Evolution Chamber  
  66  4:19  Drone x2  
  66  4:22  Drone x2  
  70  4:29  Drone  
  70  4:30  Lair  
  71  4:33  Drone x5  
  71  4:37  Drone  
  77  4:42  Extractor  
  77  4:43  Drone x2, Extractor  
  77  4:45  Drone x2, Roach  
  78  4:49  Zerg Ground Armor Level 1  
  78  4:51  Overlord  
  78  4:52  Drone  
  80  4:53  Spore Crawler  
  80  4:54  Spore Crawler  
  80  4:56  Drone  
  80  4:58  Drone  
  80  4:59  Drone x3  
  83  5:02  Ravager  
  83  5:03  Overlord  
  83  5:05  Zerg Missile Weapons Level 1  
  83  5:06  Spore Crawler  
  82  5:08  Overlord  
  82  5:10  Drone x2  
  82  5:12  Extractor  
  82  5:13  Overlord, Extractor  
  82  5:15  Roach  
  82  5:19  Roach x2  
  82  5:20  Drone x2  
  90  5:24  Drone x2  
  92  5:28  Drone  
  92  5:29  Drone  
  92  5:31  Queen, Overseer  
  92  5:33  Glial Reconstitution  
  96  5:39  Drone x2  
  98  5:43  Overlord  
  98  5:45  Overlord  
  98  5:49  Overseer  
  98  5:52  Drone x2, Metabolic Boost  
  98  5:53  Roach x3  
  98  5:54  Overlord, Infestation Pit  
  98  5:57  Overlord  
  103  6:13  Hatchery  
  103  6:14  Drone x10  
  107  6:19  Drone x3  
  107  6:21  Drone  
  108  6:26  Drone x3  
  111  6:33  Hive  
  111  6:35  Baneling Nest, Roach  
  112  6:41  Overlord  
  112  6:42  Overlord  
  112  6:48  Roach x3  
  118  6:54  Roach x2  
  118  6:55  Zerg Ground Armor Level 2  
  118  6:57  Roach  
  118  6:59  Zerg Melee Weapons Level 1, Ravager x3  
  127  7:05  Roach x5  
  127  7:06  Drone  
  138  7:11  Extractor  
  138  7:13  Overlord  
  138  7:15  Drone x2  
  138  7:16  Drone  
  138  7:19  Centrifugal Hooks, Spore Crawler  
  139  7:27  Drone  
  139  7:29  Zergling x6  
  150  7:30  Zergling x14  
  150  7:36  Queen  
  152  7:47  Hatchery  
  151  7:53  Viper x2  
  151  7:55  Ultralisk Cavern  
  151  7:56  Drone x2  
  151  7:57  Drone x2  
  151  7:58  Drone  
  161  7:59  Zergling x28  
  161  8:02  Zergling x2  
  176  8:07  Baneling x15  
  176  8:12  Overlord  
  176  8:13  Overlord  
  176  8:16  Overlord  
  176  8:17  Zergling x8  
  176  8:19  Baneling x5  
  175  8:21  Overlord  
  175  8:23  Overlord  
  162  8:27  Zergling x10  
  160  8:36  Zergling x16  
  160  8:37  Ravager x3  
  160  8:39  Baneling x7  
  171  8:41  Chitinous Plating  
  171  8:43  Zergling x2  
  171  8:48  Zergling x8  
  174  8:54  Queen x3  
  180  8:57  Overlord  
  180  9:02  Zergling x6  
  172  9:08  Zergling x10  
  172  9:09  Queen  
  152  9:20  Ultralisk  
  156  9:25  Ultralisk  
  156  9:27  Ultralisk  
  156  9:29  Queen x2  
  166  9:33  Ultralisk  
  166  9:37  Zergling x10  
  174  9:44  Zergling x12  
  172  9:45  Ravager  
  172  9:47  Ravager  
  165  9:58  Ultralisk, Zergling x6  
  168  10:06  Ultralisk  
  150  10:08  Zergling x6  
  144  10:15  Ultralisk  
  144  10:16  Zergling x2  
  144  10:17  Zergling x4  
  151  10:27  Ultralisk  
  150  10:31  Queen  
  150  10:33  Zergling x14  
  150  10:34  Queen x2  
  157  10:36  Zerg Melee Weapons Level 2  
  157  10:38  Infestor  
  157  10:40  Drone x3  
  157  10:41  Zergling x4  
  164  10:46  Ultralisk  
  166  10:50  Zergling x6  
  166  10:53  Anabolic Synthesis  
  166  10:55  Zergling x2  
  166  10:56  Zergling x14  
  174  11:02  Zergling x10  
  173  11:08  Ultralisk  
  176  11:19  Drone x3  
  176  11:20  Drone  
  176  11:21  Zerg Ground Armor Level 3  
  176  11:23  Zergling x2  
  176  11:24  Zergling x14  
  188  11:26  Baneling x8  
  188  11:33  Queen  
  188  11:39  Roach x4  
  200  11:40  Roach  
  200  11:43  Spore Crawler  
  200  11:44  Spore Crawler  
  200  11:45  Roach  
  200  11:46  Baneling x8  
  200  11:47  Baneling x2  
  200  11:49  Overlord  
  200  11:52  Overlord  
  200  11:56  Overlord  
  200  12:00  Overlord, Extractor  
  199  12:03  Overlord  
  198  12:09  Ravager  
  198  12:11  Ravager  
  194  12:22  Overlord  
  194  12:24  Hatchery  
  194  12:26  Zergling x14  
  193  12:35  Extractor  
  192  12:39  Spore Crawler  
  192  12:40  Ravager x3  
  192  12:42  Overseer, Baneling x3  
  194  12:50  Hatchery  
  193  12:52  Baneling  
  193  12:53  Zergling x12, Baneling x5  
  193  12:54  Overseer  
  199  12:59  Spire  
  199  13:05  Pneumatized Carapace  
  198  13:13  Overlord  
  198  13:27  Ravager  
  198  13:31  Infestor, Spore Crawler  
  201  13:36  Hatchery  
  201  13:37  Overlord  
  201  13:39  Extractor  
  198  13:42  Overlord  
  198  13:46  Zergling x18  
  170  13:57  Zergling x18  
  179  14:05  Zergling x2  
  179  14:06  Zergling x12  
  179  14:08  Ultralisk  
  192  14:14  Infestor x2  
  192  14:16  Burrow  
  196  14:18  Drone x4  
  196  14:23  Baneling x7  
  196  14:24  Overlord, Spore Crawler  
  199  14:32  Zerg Flyer Weapons Level 1  
  199  14:40  Overlord  
  199  14:42  Baneling x11  
  199  14:45  Zerg Melee Weapons Level 3  
  199  14:49  Hatchery  
  199  14:50  Overlord  
  199  14:51  Hatchery  
  197  14:57  Overlord  
  197  14:58  Overlord  
  197  14:59  Zergling x10  
  200  15:01  Overlord  
  197  15:07  Overlord  
  197  15:11  Overlord  
  197  15:13  Overlord  
  197  15:14  Overlord  
  170  15:21  Zergling x26  
  170  15:26  Ultralisk  
  167  15:34  Ultralisk x2  
  170  15:40  Corruptor x5  
  170  15:41  Infestor  
  171  15:50  Ultralisk x2, Corruptor x4  
  171  15:54  Infestor  
  187  15:59  Hatchery  
  187  16:01  Adrenal Glands  
  187  16:03  Corruptor  
  182  16:08  Baneling x6  
  182  16:10  Ultralisk  
  186  16:19  Corruptor  
  186  16:20  Corruptor  
  186  16:23  Ultralisk  
  196  16:27  Infestor  
  196  16:34  Infestor  
  196  16:36  Zergling x2  
  199  16:41  Overlord  
  199  16:42  Baneling x5  
  199  16:51  Greater Spire  
  199  16:53  Overlord  
  179  17:08  Zergling x44  
  192  17:18  Infestor  
  179  17:26  Zergling x30  
  134  17:59  Corruptor x2  
  134  18:00  Infestor x2  
  134  18:04  Corruptor x2  
  143  18:08  Infestor x2  
  147  18:13  Brood Lord x5  
  157  18:21  Infestor x2  
  161  18:28  Hatchery  
  161  18:33  Brood Lord x2  
  164  18:40  Brood Lord  
  166  18:45  Brood Lord  
  168  18:50  Ultralisk  
  174  19:01  Zergling x14  
Tags
 
Add a new tag
Caveats
  • Supply blocks, unpowered buildings, or Contaminate may cause inaccurate times.
  • Supply counts are checked every 10 seconds.